 Dungeon Crawl Stone Soup version 0.29.0-4-gdea44cf6ec (webtiles) character file.

Game seed: 386158888158747123

147 qw the Sneak (level 5, -1/32 HPs)
             Began as a Gargoyle Delver on Sept 10, 2022.
             Slain by a gnoll bouda
             ... wielding a +0 whip
              (9 damage)
             ... on level 4 of the Dungeon.
             The game lasted 00:01:18 (3597 turns).

qw the Sneak (Gargoyle Delver)                      Turns: 3597, Time: 00:01:19

Health: -1/32      AC: 10    Str: 24    XL:     5   Next: 29%
Magic:  5/5        EV: 10    Int: 10    God:
Gold:   34         SH:  0    Dex: 17    Spells: 4/4 levels left

rFire   + . .      SeeInvis +   Y - +1 hand axe
rCold   . . .      Faith    .   (no shield)
rNeg    + . .      Spirit   .   d - +0 scale mail
rPois   inf        Reflect  .   (no helmet)
rElec   +          Harm     .   h - scarf {repulsion}
rCorr   .          Rampage  .   (no gloves)
Will    .....                   (no boots)
Stlth   ++........              (no amulet)
HPRegen 0.10/turn               k - +6 ring of strength
MPRegen 0.09/turn               e - ring of Jucryblexo {rF+ Dex+6 SInv}

@: about to teleport, weakened, repel missiles
A: sickness immunity, AC +4, negative energy resistance 1, electricity
resistance, torment resistance 1, petrification resistance
a: no special abilities


You were on level 4 of the Dungeon.
You visited 1 branch of the dungeon, and saw 5 of its levels.

You collected 163 gold pieces.
You spent 129 gold pieces at shops.


Innate Abilities, Weirdness & Mutations

You are immune to sickness and miasma.
Your stone body is resilient. (AC +4)
You are immune to poison.
You resist negative energy. (rN+)
You are resistant to electric shocks. (rElec)
You are resistant to unholy torment.
You are immune to petrification.


   Skills:
 - Level 3.2 Fighting
 + Level 4.7 Axes
 - Level 1.0 Armour
 - Level 1.5 Dodging
 - Level 5.4 Stealth


You had 4 spell levels left.
You didn't know any spells.
Your spell library was empty.

Inventory:

Hand Weapons
 c - a +0 flail
 Y - a +1 hand axe (weapon)
Armour
 d - a +0 scale mail (worn)
 h - a scarf of repulsion (worn)
 m - a +0 pair of boots
 n - a +0 helmet
Jewellery
 e - the ring of Jucryblexo (right hand) {rF+ Dex+6 SInv}
   (You acquired it on level 2 of the Dungeon)

   [ring of dexterity]

   Dex:       It affects your dexterity (+6).
   rF:        It protects you from fire.
   SInv:      It lets you see invisible.
 k - a +6 ring of strength (left hand)
Wands
 g - a wand of digging (3)
Scrolls
 i - 6 scrolls of identify
Potions
 b - a potion of might
 f - 3 potions of haste
 j - a potion of mutation {unknown}
 l - a potion of curing

Dungeon Overview and Level Annotations

Branches:
Dungeon (5/15)
 Temple: D:4-7

Altars:
Hepliaklqana
Ru
Uskayaw
Yredelemnul

Shops:
D:2 ?   D:4 *

Annotations:
D:1 1 transporter


Message History

The gnoll hits you with a +0 flail!
You slash the gnoll!
You kill the gnoll!
You start resting.
HP restored.
Found a leather armour. 2 gnolls come into view.
The gnoll shouts! x2
A gnoll bouda comes into view. It is wielding a +0 whip.
The gnoll bouda shouts!
The gnoll bouda barks out a call to the hunt!
The gnolls pick up the pace!
The gnoll hits you with a +0 halberd!
You barely miss the gnoll. You completely miss the gnoll.
The gnoll hits you with a +0 halberd! The gnoll hits you but does no damage.
You slash the gnoll!
The gnoll is heavily wounded.
You hit the gnoll. The gnoll hits you but does no damage.
The gnoll hits you with a +0 club.
You closely miss the gnoll.
The gnoll is heavily wounded.
You hit the gnoll but do no damage.
The gnoll bouda gazes fiercely through you!
You feel your attacks grow feeble. The gnoll hits you with a +0 club.
You barely miss the gnoll.
The gnoll is moderately wounded.
You hit the gnoll bouda but do no damage.
The gnoll hits you from afar with a +0 halberd.
The gnoll barely misses you. The gnoll hits you but does no damage.
3596 ||| READING scroll of teleportation.
As you read the scroll of teleportation, it crumbles to dust.
You feel strangely unstable.
The gnoll bouda hits you but does no damage.
The gnoll closely misses you. The gnoll misses you.
You hit the gnoll.
The gnoll is severely wounded.
You hit the gnoll bouda.
The gnoll bouda hits you with a +0 whip!
You die...

#..... #..... #####
#..... ....# .......#
#.....##....# .......#
+.....[.....## .......#
#......g..<..# .......#
#......g.....# .......#
######.@g....## ....(..#
...............
.......#######...#######
............##...#..
#####.......##.).#.#
#.......##...#.#
#.....<.###..#.#
#.......# #..#.#
#.......# #..#.#######.


You could see a gnoll bouda and 2 gnolls.

Vanquished Creatures
  An orc wizard (D:4)
  A gnoll (D:4)
  4 adders
  An ufetubus (D:3)
  A worm (D:2)
  A dart slug (D:3)
  2 orcs (D:3)
  7 endoplasms
  3 giant cockroaches (D:1)
  6 goblins
  7 hobgoblins
  3 jackals (D:3)
  3 quokkas
  3 ball pythons
  8 bats
  2 frilled lizards
  3 kobolds
  4 rats
60 creatures vanquished.

Notes
Turn   | Place    | Note
-------+----------+-------------------------------------------
     0 | D:5      | qw the Gargoyle Delver began the quest for the Orb.
     0 | D:5      | Reached XP level 1. HP: 14/14 MP: 1/1
     0 | D:5      | 0 ||| qw: Version: 0.1-a-116-g5d60599
     0 | D:5      | 0 ||| qw: Game counter: 7827
     0 | D:5      | 0 ||| qw: Always use a shield: true
     0 | D:5      | 0 ||| qw: God list: Okawaru
     0 | D:5      | 0 ||| qw: Allow faded altars: false
     0 | D:5      | 0 ||| qw: Do Orc after D:15 true
     0 | D:5      | 0 ||| qw: Do second Lair branch before Depths: true
     0 | D:5      | 0 ||| qw: Lair rune preference: random
     0 | D:5      | 0 ||| qw: Plans: Normal
     0 | D:5      | 0 ||| PLANNING D:1-11
    25 | D:5      | 25 ||| UPGRADING to +0 ring mail.
    35 | D:5      | 35 ||| DROPPING +0 leather armour.
    36 | D:5      | 36 ||| DROPPING scroll of fog.
    37 | D:5      | 37 ||| DROPPING scroll of magic mapping.
    38 | D:5      | 38 ||| DROPPING scroll of fear.
    50 | D:4      | Found a sacrificial altar of Ru.
    95 | D:4      | Reached XP level 2. HP: 18/19 MP: 2/2
   186 | D:4      | 186 ||| Stepping ~*~*~tactically~*~*~ (hiding).
   300 | D:4      | Reached skill level 3 in Axes
   300 | D:4      | Reached XP level 3. HP: 16/23 MP: 3/3
   300 | D:4      | 300 ||| Stepping ~*~*~tactically~*~*~ (stealth).
   301 | D:4      | 301 ||| Stepping ~*~*~tactically~*~*~ (stealth).
   302 | D:4      | 302 ||| STAIRDANCE
   529 | D:3      | 529 ||| UPGRADING to +0 scale mail.
   539 | D:3      | 539 ||| DROPPING +0 ring mail.
   581 | D:2      | Reached skill level 1 in Armour
   581 | D:2      | Reached XP level 4. HP: 25/28 MP: 4/4
   779 | D:1      | 779 ||| Stepping ~*~*~tactically~*~*~ (stealth).
   781 | D:1      | 781 ||| Stepping ~*~*~tactically~*~*~ (stealth).
  1029 | D:1      | Found a transporter.
  1038 | D:1      | 1038 ||| Stepping ~*~*~tactically~*~*~ (stealth).
  1532 | D:1      | 1532 ||| Stepping ~*~*~tactically~*~*~ (stealth).
  1536 | D:1      | 1536 ||| Stepping ~*~*~tactically~*~*~ (stealth).
  1537 | D:1      | 1537 ||| Stepping ~*~*~tactically~*~*~ (stealth).
  1540 | D:1      | 1540 ||| Stepping ~*~*~tactically~*~*~ (stealth).
  1802 | D:1      | 1802 ||| UPGRADING to +6 ring of strength.
  1803 | D:1      | 1803 ||| READING 2 scrolls labelled IHUCIV HOONE.
  1804 | D:1      | 1804 ||| READING 2 scrolls labelled JAPHA YLEI.
  1805 | D:1      | 1805 ||| DROPPING scroll of noise.
  1860 | D:2      | Found Qat Moj's Magic Scroll Boutique.
  1874 | D:2      | 1874 ||| BUYING scroll of identify (20 gold).
  1874 | D:2      | Bought a scroll of identify for 20 gold pieces
  1874 | D:2      | 1874 ||| BUYING scroll of identify (20 gold).
  1874 | D:2      | Bought a scroll of identify for 20 gold pieces
  1874 | D:2      | 1874 ||| BUYING scroll of identify (20 gold).
  1874 | D:2      | Bought a scroll of identify for 20 gold pieces
  1874 | D:2      | 1874 ||| BUYING scroll of identify (20 gold).
  1874 | D:2      | Bought a scroll of identify for 20 gold pieces
  1874 | D:2      | 1874 ||| SHOPLISTING scroll of teleportation (30 gold, have
                  | 15).
  2668 | D:2      | 2668 ||| READING 2 scrolls labelled EWO OLORYS.
  2673 | D:2      | 2673 ||| READING scroll labelled ZYAXZEPSAT.
  2674 | D:2      | 2674 ||| READING scroll labelled MUBRIAKHOXYA.
  2674 | D:2      | Identified a scroll of acquirement
  2674 | D:2      | 2674 ||| ACQUIRING ring of Jucryblexo {rF+ Dex+6 SInv}
  2674 | D:2      | Acquired the ring of Jucryblexo {rF+ Dex+6 SInv}
  2676 | D:2      | 2676 ||| UPGRADING to ring of Jucryblexo {rF+ Dex+6 SInv}.
  2677 | D:2      | 2677 ||| READING scroll labelled QOSISO IJUM.
  2678 | D:2      | 2678 ||| READING scroll labelled DEOGRUAXYM.
  2679 | D:2      | 2679 ||| DRINKING 2 white potions.
  2680 | D:2      | 2680 ||| DRINKING 2 murky orange potions.
  2681 | D:2      | 2681 ||| READING 8 scrolls of identify.
  2681 | D:2      | 2681 ||| IDENTIFYING golden potion
  2682 | D:2      | 2682 ||| READING 7 scrolls of identify.
  2682 | D:2      | 2682 ||| IDENTIFYING fizzy emerald potion
  2683 | D:2      | 2683 ||| DROPPING potion of degeneration.
  2684 | D:2      | 2684 ||| DROPPING potion of lignification.
  2751 | D:3      | 2751 ||| Stepping ~*~*~tactically~*~*~ (stealth).
  2754 | D:3      | 2754 ||| Stepping ~*~*~tactically~*~*~ (stealth).
  2786 | D:3      | Found a faded altar of an unknown god.
  2794 | D:3      | Found a hazy altar of Hepliaklqana.
  2813 | D:3      | Reached XP level 5. HP: 29/32 MP: 5/5
  2878 | D:3      | Found a hide-covered altar of Uskayaw.
  2953 | D:3      | 2953 ||| Stepping ~*~*~tactically~*~*~ (hiding).
  3233 | D:3      | Found a basalt altar of Yredelemnul.
  3347 | D:3      | 3347 ||| UPGRADING to scarf of repulsion.
  3352 | D:3      | 3352 ||| READING scroll labelled BUUTHEU XETOED.
  3353 | D:3      | 3353 ||| READING scroll labelled HOPPANERPH AGO ATAU.
  3394 | D:4      | 3394 ||| STAIRDANCE
  3400 | D:4      | 3400 ||| STAIRDANCE
  3411 | D:4      | 3411 ||| STAIRDANCE
  3429 | D:4      | Found Are Rum's General Store.
  3453 | D:4      | 3453 ||| BUYING +0 helmet (49 gold).
  3453 | D:4      | Bought a +0 helmet for 49 gold pieces
  3453 | D:4      | 3453 ||| SHOPLISTING +1 plate armour of poison resistance
                  | (352 gold, have 29).
  3453 | D:4      | 3453 ||| SHOPLISTING potion of curing (33 gold, have 29).
  3595 | D:4      | HP: 7/32 [gnoll/+0 halberd[a gnoll bouda] (4)]
  3596 | D:4      | 3596 ||| READING scroll of teleportation.
  3597 | D:4      | Slain by a gnoll bouda

Levels and vault maps discovered:
D:1:      spicycebolla_arrival_risky_transporter, layout_basic
D:2:      layout_basic, serial_shops, shop
D:3:      layout_basic, mainiacjoe_overflow_paths, lemuel_crystal_altar,
          yredelemnul_altar_generic, basic_ecumenical_altar,
          nicolae_figureground_sparkle
D:4:      layout_basic, nicolae_ru_awakened_eye, serial_shops,
          nicolae_square_shop
D:5:      layout_rooms, nicolae_elyvilon_peaceful_grove,
          minmay_temple_entry_nine_rooms, chequers_big_river,
          nicolae_shop_clearance, uniq_pikel, uniq_ijyb, uniq_edmund

Skill      XL: |  1  2  3  4 |
---------------+-------------+-----
Axes           | 2 3 4 |  4.7
Armour         | 1 |  1.0
Fighting       | |  3.2
Dodging        | |  1.5
Stealth        | |  5.4

Action                   |  1- 3 |  4- 6 || total
-------------------------+-------+-------++-------
Melee: Hand axe          |    49 |   162 ||   211
       Punch             |       |     3 ||     3
  Use: Scroll            |       |    12 ||    12
       Potion            |       |     2 ||     2
Armor: Ring mail         |    27 |       ||    27
       Scale mail        |     5 |    62 ||    67
Dodge: Dodged            |    27 |    97 ||   124

Table legend:
 A = Non-vault XP
 B = Vault XP
 C = Vault XP percentage of total XP
 D = Non-vault monster count
 E = Vault monster count
 F = Vault count percentage of total count
                 A         B        C        D         E       F
            +---------+---------+-------+---------+---------+-------
      Total |     210 |       0 |   0.0 |      60 |       0 |   0.0
            +---------+---------+-------+---------+---------+-------
        D:1 |      28 |       0 |   0.0 |      18 |       0 |   0.0
        D:2 |      54 |       0 |   0.0 |      15 |       0 |   0.0
        D:3 |      49 |       0 |   0.0 |      22 |       0 |   0.0
        D:4 |      79 |       0 |   0.0 |       5 |       0 |   0.0
            +---------+---------+-------+---------+---------+-------
